Map: King's Cove LE

Players

IIIIIIIIIIII

  • Race: Zerg Zerg
  • Spawn Location: 11:00

Lambo - Winner!

  • Race: Zerg Zerg
  • League: Master
  • Spawn Location: 5:00

VOD

Have the link to the VOD?

Description

Time

  • Played on: Jan. 26, 2019, 8:54 a.m.
  • Length: 16:23
Show
View Real Time Build Order
Export as new Build Order

IIIIIIIIIIII Zerg 

Build Orders: Hatch First, Lurkers 

Get SALT Encoding   

  12  0:01  Drone  
  13  0:12  Overlord  
  13  0:18  Drone  
  14  0:30  Drone x2  
  16  0:50  Hatchery  
  16  0:53  Drone  
  16  0:57  Drone  
  16  1:00  Drone  
  18  1:11  Extractor  
  18  1:15  Spawning Pool  
  16  1:20  Drone  
  16  1:23  Drone  
  18  1:28  Drone  
  19  1:39  Drone  
  20  1:51  Overlord  
  20  1:59  Drone  
  21  2:02  Drone, Queen  
  21  2:03  Queen  
  26  2:11  Drone  
  26  2:13  Metabolic Boost  
  27  2:16  Drone  
  28  2:25  Drone x2  
  30  2:33  Drone  
  30  2:35  Drone  
  32  2:43  Hatchery  
  31  2:48  Hatchery  
  31  2:54  Zergling x4  
  33  3:00  Overlord  
  33  3:02  Queen  
  35  3:06  Drone  
  36  3:14  Overlord  
  36  3:20  Drone x4  
  36  3:23  Drone x2  
  42  3:29  Overlord  
  42  3:41  Roach Warren  
  42  3:48  Zergling x14  
  42  3:54  Drone x2  
  42  3:55  Drone  
  51  3:58  Extractor  
  50  4:06  Drone x3  
  50  4:09  Overlord  
  48  4:23  Evolution Chamber  
  43  4:24  Roach x7  
  43  4:27  Roach  
  43  4:31  Roach  
  61  4:35  Extractor  
  61  4:36  Overlord  
  59  4:50  Drone x4  
  57  4:54  Drone x3  
  57  4:59  Queen  
  60  5:01  Evolution Chamber  
  61  5:07  Drone x2  
  61  5:08  Drone  
  61  5:12  Drone  
  61  5:14  Queen  
  65  5:16  Zerg Missile Weapons Level 1  
  67  5:21  Queen  
  69  5:29  Zerg Ground Armor Level 1  
  69  5:32  Overlord  
  69  5:34  Overlord  
  69  5:36  Drone x2  
  69  5:37  Extractor  
  69  5:39  Drone x2  
  72  5:43  Drone x2  
  72  5:47  Drone x2  
  72  5:49  Lair  
  76  5:53  Drone  
  77  5:58  Drone  
  77  5:59  Drone x2  
  80  6:05  Extractor  
  80  6:06  Drone  
  80  6:07  Extractor, Drone x2  
  80  6:08  Drone x2  
  80  6:10  Drone  
  84  6:17  Overlord  
  84  6:20  Overlord  
  84  6:21  Overlord  
  84  6:23  Drone x3  
  87  6:29  Overlord  
  87  6:33  Overlord  
  87  6:39  Drone x2, Hatchery, Overlord  
  88  6:45  Drone x2  
  90  6:47  Tunneling Claws  
  90  6:49  Drone x2  
  90  6:51  Roach x2, Hydralisk Den  
  95  6:56  Roach x3  
  95  7:00  Overseer  
  101  7:03  Roach x3  
  107  7:14  Roach x6  
  119  7:16  Overlord  
  119  7:20  Muscular Augments  
  119  7:21  Hydralisk  
  121  7:23  Overlord  
  121  7:28  Overlord  
  121  7:32  Overlord  
  121  7:34  Overlord  
  121  7:39  Overlord  
  121  7:41  Overlord  
  121  7:45  Overlord  
  121  7:47  Roach x4  
  121  7:50  Queen  
  131  7:56  Roach x3  
  137  7:58  Overlord  
  137  8:02  Hydralisk x2  
  137  8:04  Overlord  
  141  8:09  Roach  
  141  8:10  Overlord  
  141  8:12  Hydralisk x2  
  147  8:22  Hydralisk x5  
  157  8:30  Ravager x3  
  157  8:31  Ravager x2  
  160  8:35  Lurker Den  
  160  8:38  Hydralisk  
  160  8:39  Hydralisk x4  
  169  8:42  Zerg Missile Weapons Level 2  
  169  8:46  Ravager x4  
  173  8:48  Overseer  
  160  9:01  Drone x8  
  154  9:09  Glial Reconstitution, Hatchery  
  147  9:11  Burrow  
  147  9:13  Drone x2  
  149  9:17  Ravager  
  149  9:18  Ravager x3  
  153  9:30  Roach x5  
  157  9:32  Grooved Spines  
  157  9:39  Hydralisk x4  
  165  9:52  Roach x7  
  179  10:03  Lurker x2  
  181  10:12  Lurker  
  181  10:13  Hatchery  
  146  10:29  Hydralisk  
  146  10:30  Hydralisk x6  
  156  10:51  Roach x5  
  156  10:55  Hatchery  
  165  10:58  Zerg Ground Armor Level 2  
  165  11:03  Roach  
  165  11:04  Roach x4  
  175  11:08  Ravager  
  176  11:13  Roach x4  
  176  11:15  Lurker  
  176  11:16  Roach x3  
  185  11:21  Roach x5  
  183  11:26  Lurker  
  184  11:48  Roach  
  184  11:49  Roach x2  
  184  11:53  Hydralisk x10  
  198  12:07  Roach x9  
  186  12:14  Drone x8  
  192  12:18  Infestation Pit  
  175  12:24  Roach x2  
  175  12:25  Roach  
  175  12:29  Extractor  
  174  12:30  Roach x5  
  174  12:33  Extractor  
  174  12:36  Roach x4  
  179  12:49  Roach x3  
  179  12:50  Roach x19  
  191  13:01  Overlord  
  187  13:07  Hive  
  187  13:09  Hatchery  
  187  13:12  Roach x5  
  170  13:24  Hydralisk  
  170  13:25  Hydralisk x8  
  186  13:29  Overseer  
  186  13:59  Roach x9  
  196  14:09  Roach x6  
  181  14:21  Roach x7  
  140  14:34  Roach x8  
  140  14:37  Viper  
  147  14:39  Roach x14  
  131  15:06  Viper x3  
  127  15:07  Roach x4  
  127  15:09  Hydralisk  
  127  15:10  Hydralisk x5  
  148  15:32  Hydralisk x6  
  155  15:41  Lurker x6  
  144  15:53  Ravager x7  
  144  15:54  Overseer, Ravager  
  152  16:01  Roach x3  
  152  16:02  Roach  
Show
View Real Time Build Order
Export as new Build Order

Lambo Zerg - Winner!

Build Orders: Hatch First 

Get SALT Encoding   

  12  0:00  Drone  
  13  0:13  Overlord  
  13  0:17  Drone  
  14  0:32  Drone x2  
  16  0:50  Hatchery  
  16  0:52  Drone  
  16  0:55  Drone  
  17  0:59  Drone  
  18  1:09  Extractor  
  17  1:14  Spawning Pool  
  17  1:17  Drone  
  17  1:21  Drone  
  18  1:29  Drone  
  19  1:42  Drone  
  20  1:52  Drone  
  21  2:01  Queen x2  
  21  2:03  Drone, Overlord  
  26  2:11  Metabolic Boost  
  26  2:12  Drone  
  26  2:14  Drone  
  28  2:25  Drone, Zergling x2  
  30  2:37  Drone, Hatchery  
  30  2:41  Drone  
  30  2:44  Drone  
  32  2:45  Drone  
  33  2:52  Baneling Nest  
  33  2:55  Overlord  
  32  2:59  Drone  
  33  3:06  Zergling x4  
  33  3:12  Drone  
  36  3:17  Zergling x2  
  36  3:19  Drone x3  
  40  3:20  Overlord  
  40  3:22  Drone  
  40  3:26  Drone  
  42  3:30  Queen  
  42  3:32  Evolution Chamber  
  42  3:34  Zergling x2  
  44  3:39  Drone  
  45  3:45  Zergling x2  
  45  3:46  Zergling x10  
  51  3:51  Overlord  
  50  3:56  Zergling x4  
  50  3:59  Baneling x6  
  52  4:03  Zergling x4  
  52  4:09  Overlord  
  53  4:21  Zergling x16  
  53  4:23  Drone x2  
  62  4:30  Overlord  
  61  4:32  Zerg Missile Weapons Level 1  
  61  4:34  Overlord  
  61  4:37  Drone  
  62  4:42  Drone  
  62  4:44  Drone  
  63  4:47  Drone  
  63  4:49  Extractor  
  63  4:50  Drone, Extractor  
  57  4:55  Drone x2  
  57  4:57  Drone x3  
  57  4:59  Roach Warren, Drone x2  
  63  5:01  Drone  
  63  5:02  Drone  
  63  5:04  Drone  
  66  5:08  Drone x2  
  66  5:12  Lair  
  68  5:15  Drone  
  68  5:19  Drone x3  
  72  5:22  Drone x3  
  72  5:25  Drone x2  
  72  5:27  Drone  
  78  5:30  Drone  
  78  5:31  Pneumatized Carapace  
  78  5:35  Drone x2  
  81  5:36  Drone x2  
  81  5:40  Extractor x2  
  81  5:41  Drone, Extractor  
  80  5:43  Drone x2  
  82  5:50  Drone  
  82  5:56  Drone x2  
  85  5:57  Hatchery  
  85  6:03  Evolution Chamber  
  83  6:06  Overlord  
  83  6:10  Glial Reconstitution  
  83  6:11  Overseer  
  83  6:12  Overlord  
  83  6:13  Overlord  
  83  6:16  Overlord  
  85  6:18  Roach x3  
  93  6:25  Roach x2  
  93  6:26  Roach x2  
  93  6:27  Overlord  
  93  6:31  Overlord  
  97  6:34  Overlord  
  97  6:35  Zerg Missile Weapons Level 2  
  97  6:38  Zerg Ground Armor Level 1  
  97  6:41  Roach x4  
  97  6:44  Overlord  
  97  6:46  Roach  
  97  6:47  Roach  
  109  6:51  Drone x4  
  113  6:56  Overlord  
  113  6:57  Overlord  
  113  7:03  Baneling  
  113  7:04  Baneling x6  
  113  7:05  Baneling x2  
  113  7:06  Baneling x3  
  113  7:14  Roach x6  
  125  7:18  Overlord  
  125  7:19  Queen  
  125  7:21  Ravager x2  
  125  7:22  Ravager  
  130  7:24  Roach x2  
  134  7:30  Roach x4  
  134  7:35  Roach x3  
  148  7:41  Overlord  
  148  7:45  Roach x4  
  156  7:52  Overlord  
  156  7:57  Roach x4  
  164  8:01  Overlord, Ravager x3  
  164  8:05  Roach x3  
  173  8:09  Overseer  
  173  8:12  Roach x3  
  179  8:15  Overlord  
  179  8:16  Overlord  
  179  8:18  Roach x3  
  183  8:23  Roach x4  
  186  8:28  Roach x3  
  186  8:31  Roach x2  
  196  8:37  Extractor  
  196  8:38  Roach x2  
  189  8:56  Roach x8  
  198  9:04  Roach  
  200  9:12  Overseer  
  200  9:13  Spine Crawler  
  200  9:15  Spine Crawler x2  
  200  9:16  Spine Crawler  
  196  9:18  Ravager  
  196  9:19  Burrow, Tunneling Claws  
  197  9:25  Hatchery, Roach  
  197  9:28  Roach  
  197  9:29  Overlord  
  192  9:36  Drone x3  
  195  9:39  Extractor  
  195  9:43  Zerg Ground Armor Level 2  
  194  9:46  Infestation Pit  
  194  9:50  Roach x3  
  199  9:56  Overseer  
  199  10:06  Hydralisk Den  
  198  10:09  Overlord  
  198  10:13  Roach  
  200  10:19  Roach x40  
  187  10:21  Roach x6  
  189  10:30  Hive, Roach x42  
  182  10:43  Grooved Spines  
  182  10:45  Lurker Den  
  181  10:50  Overseer  
  181  10:55  Roach x47  
  181  10:57  Overseer  
  181  10:59  Drone x3  
  181  11:01  Drone x4  
  181  11:02  Drone x2  
  186  11:12  Hydralisk x7  
  200  11:30  Spine Crawler  
  190  11:52  Viper x4  
  198  11:54  Muscular Augments  
  198  11:56  Roach x25  
  196  12:09  Hydralisk x2  
  196  12:12  Overseer  
  200  12:16  Roach x23  
  200  12:20  Hydralisk x9  
  192  12:24  Hydralisk  
  192  12:25  Hydralisk x3  
  192  12:27  Zerg Missile Weapons Level 3  
  198  12:30  Overlord  
  198  12:36  Adaptive Talons  
  193  12:38  Roach x4  
  193  12:39  Hydralisk x5  
  193  12:42  Overlord  
  199  12:54  Overlord  
  199  12:56  Overlord  
  195  13:01  Hydralisk x3  
  198  13:20  Roach x13  
  198  13:24  Zerg Ground Armor Level 3  
  198  13:25  Drone x2  
  200  13:30  Roach x13  
  198  13:44  Drone  
  198  13:45  Drone  
  198  13:46  Spine Crawler  
  197  13:56  Hydralisk  
  197  14:02  Hydralisk Den  
  192  14:07  Lair  
  182  14:10  Roach Warren  
  120  14:31  Hydralisk x31  
  120  14:38  Hydralisk  
  174  14:39  Hydralisk  
  170  14:53  Hydralisk x3  
  179  15:00  Roach x2  
  179  15:02  Ravager  
  179  15:03  Roach  
  180  15:15  Roach x3  
  180  15:16  Roach  
  187  15:23  Hydralisk x2  
  187  15:28  Hydralisk  
  187  15:49  Ravager  
  187  15:50  Ravager  
  187  15:51  Hydralisk x3  
  187  15:52  Hydralisk  
Tags
 
Composition
Lurkers
League
Master
Matchup
ZvZ
Player
Lambo
Race
Zerg
Spawn Locations
Cross Positions
Add a new tag
Caveats
  • Supply blocks, unpowered buildings, or Contaminate may cause inaccurate times.
  • Supply counts are checked every 10 seconds.